 Dungeon Sprint DCSS version 0.27-a0-216-g1fbed8a51c (webtiles) character file.

Game seed: 4612583690109032419

12875 mhtbhm the Bludgeoner (level 12, -1/110 HPs)
             Began as a Human Berserker on Jan 31, 2021.
             Was the Champion of Trog.
             Slain by an ice devil (15 damage)
             ... summoned by an orc high priest
             ... in the Dungeon (Sprint IX: "|||||||||||||||||||||||||||||").
             The game lasted 00:03:35 (2188 turns).

mhtbhm the Bludgeoner (Human Berserker)             Turns: 2188, Time: 00:03:36

Health: -1/110     AC: 13    Str: 21    XL:     12   Next: 25%
Magic:  12/12      EV: 17    Int: 20    God:    Trog [******]
Gold:   1290       SH:  0    Dex: 15    Spells: 11/11 levels left

rFire    . . .     SeeInvis .   a - +11 quarterstaff of Tycurgh {vorpal, rPois Int+8}
rCold    . . .     Faith    .   (shield currently unavailable)
rNeg     . . .     Spirit   .   b - +1 scale mail
rPois    +         Reflect  .   (helmet restricted)
rElec    .         Harm     .   m - +0 cloak
rCorr    .         Rampage  .   (no gloves)
Will     +....     NoTele   +   l - +0 pair of boots
Stlth    ++........             (no amulet)
HPRegen  0.28/turn              n - +2 ring of evasion
MPRegen  0.13/turn              o - +3 ring of dexterity

@: berserk cooldown, slowed, very slow
A: horns 1, clever 1, strong-willed 1, poison resistance, evolution 1
a: Renounce Religion, Berserk, Trog's Hand, Brothers in Arms


You were in the Dungeon.
You worshipped Trog.
Trog was exalted by your worship.
You visited 1 branch You collected 1290 gold pieces.

Inventory:

Hand Weapons
 a - the +11 quarterstaff of Tycurgh (weapon) {vorpal, rPois Int+8}
   (Trog gifted it to you in the Dungeon)

   It inflicts extra damage upon your enemies.
   It affects your intelligence (+8).
   It protects you from poison.
Missiles
 t - 3 throwing nets
Armour
 b - a +1 scale mail (worn)
 l - a +0 pair of boots (worn)
 m - a +0 cloak (worn)
Jewellery
 n - a +2 ring of evasion (left hand)
 o - a +3 ring of dexterity (right hand)
Wands
 k - a wand of acid (7)
 p - a wand of flame (16)
Scrolls
 h - 2 scrolls of blinking
 j - 5 scrolls of remove curse
 r - a scroll of enchant weapon
 s - 3 scrolls of fear
Potions
 c - 6 potions of curing
 d - 4 potions of heal wounds
 e - a potion of haste
 f - 4 potions of magic
 g - 3 potions of berserk rage
 i - a potion of invisibility
 q - a potion of might


   Skills:
 + Level 15.6 Fighting
 + Level 18.7(18.8) Maces & Flails
 + Level 3.6(13.1) Staves
 + Level 11.9 Armour
 + Level 7.5 Dodging
 + Level 6.1 Stealth
 + Level 1.6 Evocations


You had 11 spell levels left.
You didn't know any spells.
Your spell library was empty.

Dungeon Overview and Level Annotations

Branches:
Dungeon (1/1)

Altars:
Cheibriados
Dithmenos
Elyvilon
Fedhas
Gozag
Hepliaklqana
Kikubaaqudgha
Makhleb
Nemelex Xobeh
Okawaru
Qazlal
Ru
Sif Muna
Trog
Uskayaw
Vehumet
Wu Jian
Xom
Yredelemnul
Zin
The Shining One
Beogh
Jiyva
Lugonu

Shops:
D [![*


Innate Abilities, Weirdness & Mutations

You have a pair of small horns on your head.
Your mind is acute. (Int +2)
You are strong-willed. (Will+)
Your system is resistant to poisons. (rPois)
You evolve.


Message History

You feel much better.
The orc high priest prays to Beogh.
The orc high priest hits you with a cursed -2 glaive.
Unknown command.
You bludgeon the orc high priest!!
The orc high priest is moderately wounded.
The orc high priest prays to Beogh.
You sock the orc high priest!
The orc high priest is heavily wounded.
The orc high priest jeers repeatedly, as Orcs often do.
The orc high priest calls down the wrath of Beogh upon you.
You easily resist.
The ice devil hits you. The ice devil freezes you!
* * * LOW HITPOINT WARNING * * *
Unknown command.
Your cyclops goes berserk!
The orc high priest hits you but does no damage.
The ice devil hits you!
* * * LOW HITPOINT WARNING * * *
The ice devil freezes you!
You die...

▓.▓.▓.▓.▓_▓
▓.▓.▓.▓.▓_▓
▓.▓.▓.▓.▓_▓
▓'▓.▓.▓.▓_▓
▓)▓.▓'▓.▓'▓
▓)▓.▓÷▓.▓.▓
▓C▓.▓)▓.▓?▓
▓4▓.▓.▓.▓)▓
▓@▓.▓÷▓.▓)▓
▓o▓.▓.▓.▓.▓
▓3▓.▓.▓.▓[▓
▓3▓.▓.▓.▓.▓
▓o▓.▓.▓.▓.▓
▓3▓.▓.▓.▓.▓
▓o▓.▓(▓.▓)▓
▓4▓.▓[▓.▓÷▓
▓.▓.▓.▓.▓


You could see 2 soul eaters, 2 orc high priests, 2 ice devils, a sixfirhy
(summoned), an orc priest and a friendly cyclops (summoned, berserk).

Vanquished Creatures
  Harold (D)
  A boulder beetle (D)
  4 orc high priests (D)
  3 lindwurms (D)
  2 orc knights (D)
  A manticore (D)
  An elephant (D)
  Maurice (D)
  A rime drake (D)
  3 komodo dragons (D)
  2 tyrant leeches (D)
  A troll (D)
  A blink frog (D)
  A wyvern (D)
  A basilisk (D)
  6 yaks (D)
  An ice beast (D)
  12 orc warriors (D)
  A necrophage (D)
  2 ogres (D)
  A wolf (D)
  5 bullfrogs (D)
  2 howler monkeys (D)
  A hound (D)
  6 orc priests (D)
  A worker ant (D)
  3 orc wizards (D)
  3 worms (D)
  A leopard gecko (D)
  6 orcs (D)
  A giant cockroach (D)
  A hobgoblin (D)
  A ball python zombie (D)
  2 frilled lizards (D)
  A kobold (D)
  A rat (D)
82 creatures vanquished.

Vanquished Creatures (collateral kills)
  2 orc high priests (D)
  An orc priest (D)
3 creatures vanquished.

Grand Total: 85 creatures vanquished

Notes
Turn   | Place    | Note
-------+----------+-------------------------------------------
     0 | D        | mhtbhm the Human Berserker began the quest for the Orb.
     0 | D        | Reached XP level 1. HP: 18/18 MP: 1/1
    10 | D        | Reached ** piety under Trog
   289 | D        | Noticed a hound
   289 | D        | Noticed a worker ant
   292 | D        | Reached XP level 2. HP: 25/25 MP: 2/2
   296 | D        | Reached *** piety under Trog
   297 | D        | Reached skill level 5 in Maces & Flails
   297 | D        | Reached skill level 1 in Stealth
   297 | D        | Reached XP level 3. HP: 32/32 MP: 3/3
   300 | D        | Reached skill level 5 in Fighting
   300 | D        | Reached XP level 4. HP: 39/39 MP: 4/4
   308 | D        | Found a roughly hewn altar of Beogh.
   308 | D        | Found a snail-covered altar of Cheibriados.
   308 | D        | Found a shadowy altar of Dithmenos.
   308 | D        | Found a white marble altar of Elyvilon.
   308 | D        | Found a blossoming altar of Fedhas.
   308 | D        | Found an opulent altar of Gozag.
   309 | D        | Found a hazy altar of Hepliaklqana.
   310 | D        | Found a viscous altar of Jiyva.
   311 | D        | Found an ancient bone altar of Kikubaaqudgha.
   312 | D        | Found a corrupted altar of Lugonu.
   313 | D        | Found a burning altar of Makhleb.
   314 | D        | Found a sparkling altar of Nemelex Xobeh.
   315 | D        | Found an iron altar of Okawaru.
   316 | D        | Found a stormy altar of Qazlal.
   317 | D        | Found a sacrificial altar of Ru.
   318 | D        | Found a shimmering blue altar of Sif Muna.
   319 | D        | Found a bloodstained altar of Trog.
   320 | D        | Found a hide-covered altar of Uskayaw.
   321 | D        | Found a radiant altar of Vehumet.
   322 | D        | Found an ornate altar of the Wu Jian Council.
   323 | D        | Found a shimmering altar of Xom.
   324 | D        | Found a basalt altar of Yredelemnul.
   325 | D        | Found a glowing silver altar of Zin.
   326 | D        | Found a glowing golden altar of the Shining One.
   383 | D        | Noticed a necrophage
   383 | D        | Noticed an ogre
   383 | D        | Noticed an ice beast
   383 | D        | Noticed a yak
   383 | D        | Noticed a yak
   388 | D        | Killed a necrophage
   388 | D        | Reached **** piety under Trog
   389 | D        | Reached skill level 7 in Maces & Flails
   389 | D        | Reached XP level 5. HP: 47/47 MP: 5/5
   393 | D        | Killed an ogre
   394 | D        | Reached skill level 8 in Maces & Flails
   394 | D        | Reached XP level 6. HP: 55/55 MP: 6/6
   397 | D        | Killed an ice beast
   398 | D        | Reached skill level 9 in Maces & Flails
   399 | D        | Reached skill level 5 in Armour
   399 | D        | Reached XP level 7. HP: 58/63 MP: 7/7
   402 | D        | Killed a yak
   402 | D        | Reached ***** piety under Trog
   403 | D        | Reached skill level 10 in Maces & Flails
   403 | D        | Killed a yak
   536 | D        | Noticed a troll
   536 | D        | Noticed a boulder beetle
   536 | D        | Noticed a manticore
   542 | D        | Killed a troll
   543 | D        | Reached skill level 10 in Fighting
   543 | D        | Reached skill level 11 in Maces & Flails
   543 | D        | Reached skill level 5 in Dodging
   543 | D        | Reached XP level 8. HP: 72/72 MP: 8/8
   588 | D        | Killed a boulder beetle
   589 | D        | Reached skill level 12 in Maces & Flails
   589 | D        | Reached XP level 9. HP: 68/79 MP: 9/9
   592 | D        | Reached skill level 13 in Maces & Flails
   595 | D        | Killed a manticore
   896 | D        | Gained mutation: You are strong-willed. (Will+) [potion of
                  | mutation]
   896 | D        | Gained mutation: Your system is resistant to poisons.
                  | (rPois) [potion of mutation]
   896 | D        | Gained mutation: You evolve. [potion of mutation]
   896 | D        | Gained mutation: You have a pair of small horns on your
                  | head. [potion of mutation]
   897 | D        | Noticed a komodo dragon
   903 | D        | Reached ****** piety under Trog
   903 | D        | Noticed a blink frog
   904 | D        | Reached skill level 5 in Stealth
   907 | D        | Reached skill level 14 in Maces & Flails
   907 | D        | Killed a komodo dragon
   907 | D        | Received a gift from Trog
   910 | D        | Noticed an elephant
   915 | D        | Reached XP level 10. HP: 89/89 MP: 10/10
   923 | D        | Killed an elephant
   924 | D        | Reached skill level 15 in Maces & Flails
   972 | D        | Gained mutation: Your mind is acute. (Int +2) [evolution]
  1070 | D        | Noticed a komodo dragon
  1070 | D        | Noticed a komodo dragon
  1075 | D        | Noticed a rime drake
  1081 | D        | Killed a komodo dragon
  1088 | D        | Killed a komodo dragon
  1088 | D        | Received a gift from Trog
  1097 | D        | Reached skill level 16 in Maces & Flails
  1100 | D        | Killed a rime drake
  1151 | D        | Noticed a lindwurm
  1151 | D        | Noticed a lindwurm
  1159 | D        | Killed a lindwurm
  1167 | D        | Received a gift from Trog
  1172 | D        | Killed a lindwurm
  1173 | D        | Reached skill level 10 in Armour
  1173 | D        | Reached XP level 11. HP: 98/98 MP: 11/11
  1173 | D        | Noticed a lindwurm
  1448 | D        | Reached skill level 17 in Maces & Flails
  1456 | D        | Killed a lindwurm
  1566 | D        | Noticed Maurice
  1576 | D        | Killed Maurice
  1651 | D        | Noticed Harold
  1668 | D        | Killed Harold
  1822 | D        | Received a gift from Trog
  1886 | D        | Noticed an orc knight
  1892 | D        | Killed an orc knight
  1892 | D        | Received a gift from Trog
  1894 | D        | Noticed an orc knight
  1918 | D        | Reached skill level 18 in Maces & Flails
  1918 | D        | Killed an orc knight
  1918 | D        | Received a gift from Trog
  1926 | D        | Reached skill level 1 in Evocations
  1946 | D        | Got an ebony quarterstaff {god gift}
  1947 | D        | Identified the +11 quarterstaff of Tycurgh {vorpal, rPois
                  | Int+8} (Trog gifted it to you in the Dungeon)
  2138 | D        | Found Onwoofiy's Armour Emporium.
  2138 | D        | Noticed an orc high priest
  2138 | D        | Noticed an orc high priest
  2138 | D        | Noticed an orc high priest
  2142 | D        | Noticed an orc high priest
  2145 | D        | Killed an orc high priest
  2146 | D        | Reached skill level 15 in Fighting
  2146 | D        | Found Xizionki's Distillery.
  2150 | D        | Killed an orc high priest
  2151 | D        | Reached skill level 1 in Staves
  2151 | D        | Reached XP level 12. HP: 109/109 MP: 12/12
  2152 | D        | Killed an orc high priest
  2153 | D        | Found Ethara's Armour Emporium.
  2153 | D        | Noticed an orc high priest
  2160 | D        | Found Cueck's Assorted Antiques.
  2160 | D        | Noticed an orc high priest
  2163 | D        | Noticed an orc high priest
  2167 | D        | Killed an orc high priest
  2175 | D        | Killed an orc high priest
  2180 | D        | Noticed an orc high priest
  2182 | D        | Noticed a sixfirhy
  2182 | D        | Noticed a soul eater
  2183 | D        | Killed an orc high priest
  2186 | D        | Noticed a soul eater
  2188 | D        | Slain by an ice devil

Illustrated notes

Levels and vault maps discovered:
D:        linesprint [early_d, line_temple, items_1, d_10, items_2, lair_1,
          lair_end, items_3, orc_1, orc_end, items_4, d_15, swamp_1, shoals_1,
          snake_1, spider_1, d_20, vaults_1, items_5, swamp_end, shoals_end,
          snake_end, spider_end, vaults_end, d_27, items_6, zot_1, zot_end,
          crypt_end, forest_end, elf_end, slime_end, tomb_end, abyss_end,
          pan_hell_end]

Skill      XL: |  1  2  3  4  5  6  7  8  9 10 11 12 |
---------------+-------------------------------------+-----
Fighting       | 4 5 6 7 8 10 11 13 15 | 15.6
Maces & Flails | 5 7 8 9 11 12 14 16 18 | 18.7
Stealth        | 1 2 3 4 5 6 |  6.1
Armour         | 3 4 5 6 7 8 10 11 | 11.9
Dodging        | 3 4 5 6 7 |  7.5
Evocations     | 1 |  1.6
Staves         | 1 3 |  3.6

Action                   |  1- 3 |  4- 6 |  7- 9 | 10-12 || total
-------------------------+-------+-------+-------+-------++-------
Melee: Mace              |    16 |     4 |       |       ||    20
       Morningstar       |       |    13 |    41 |    10 ||    64
       Headbutt          |       |       |     3 |    44 ||    47
       Dire flail        |       |       |       |   133 ||   133
       Quarterstaff      |       |       |       |    23 ||    23
Invok: Berserk           |     1 |     1 |     3 |     6 ||    11
       Brothers in Arms  |       |       |       |     2 ||     2
Evoke: Wand              |       |       |       |     3 ||     3
  Use: Potion            |       |       |     1 |     1 ||     2
       Scroll            |       |       |       |     1 ||     1
 Stab: Sleeping          |     2 |       |       |       ||     2
Armor: Animal skin       |     1 |       |       |       ||     1
       Scale mail        |       |     3 |     7 |    18 ||    28
Dodge: Dodged            |     7 |     9 |    18 |    84 ||   118

Table legend: (Time is in decaauts)
 A = Elapsed time spent in this place.
 B = Non-inter-level travel time spent in this place.
 C = Inter-level travel time spent in this place.
 D = Time resting spent in this place.
 E = Time spent auto-exploring this place.
 F = Levels seen in this place.
 G = Mean time per level.
                   A        B        C        D        E       F      G
               +--------+--------+--------+--------+--------+-----+--------+
         Total |   2201 |   2201 |      0 |   1330 |    268 |   1 | 2201.0 |
       Dungeon |   2201 |   2201 |      0 |   1330 |    268 |   1 | 2201.0 |
               +--------+--------+--------+--------+--------+-----+--------+

Top non-repeatable levels by time:
       D: 2201 daAuts
